 Dungeon Crawl Stone Soup version 0.18-b1-22-ge198996 (webtiles) character file.

187 RudyRod the Conjurer (level 5, -8/36 HPs)
             Began as a Demonspawn Conjurer on May 4, 2016.
             Killed by divine providence
             ... invoked by an orc priest
              (11 damage)
             ... on level 3 of the Dungeon.
             The game lasted 00:15:53 (3160 turns).

RudyRod the Conjurer (Demonspawn Conjurer)          Turns: 3160, Time: 00:15:53

Health: -8/36      AC: 11    Str: 13    XL:     5   Next: 39%
Magic:  1/9        EV: 12    Int: 17    God:
Gold:   79         SH:  0    Dex: 11    Spells: 1 memorised, 9 levels left

rFire  . . .     SeeInvis .     e - +0 dagger
rCold  . . .     Gourm    .     a - +0 robe
rNeg   . . .     Faith    .     (no shield)
rPois  .         Spirit   .     (no helmet)
rElec  .         Dismiss  .     (no cloak)
rCorr  .         Reflect  .     (no gloves)
SustAt .         Harm     .     u - -2 pair of boots (curse)
MR     .....                    (no amulet)
Stlth  ++........               (no ring)
                                (no ring)

@: mighty, flying, not resistant to hostile enchantments, unstealthy
A: rough black scales 3, powered by death 1
a: no special abilities


You were on level 3 of the Dungeon.
You were not hungry.

You visited 1 branch of the dungeon, and saw 3 of its levels.

You collected 79 gold pieces.

Inventory:

Hand Weapons
 e - a +0 dagger (weapon)
 s - a +0 club
Armour
 a - a +0 robe (worn)
 u - a cursed -2 pair of boots (worn)
Wands
 o - a wand of paralysis (15/24)
Scrolls
 d - 2 scrolls of remove curse {unknown}
 f - 2 scrolls of teleportation {unknown}
 i - a scroll of enchant armour {unknown}
 k - a scroll of immolation {unknown}
 m - a scroll of enchant weapon {unknown}
 q - 2 scrolls of identify {unknown}
 r - a scroll of noise {unknown}
 w - a scroll of fog {unknown}
Potions
 j - a potion of lignification {unknown}
 l - a potion of heal wounds {unknown}
 t - a potion of flight
Books
 b - a book of Conjurations

   Spells                             Type                      Level
   a - Magic Dart                     Conjuration                  1
   b - Searing Ray                    Conjuration                  2
   c - Dazzling Spray                 Conjuration/Hexes            3
   d - Fulminant Prism                Conjuration/Hexes            4
   e - Iskenderun's Mystic Blast      Conjuration                  4
   f - Iskenderun's Battlesphere      Conjuration/Charms           5
Comestibles
 c - 2 bread rations
 g - 3 meat rations
 n - 2 beef jerkies
 p - 4 fruits


   Skills:
 + Level 0.4 Fighting
 + Level 0.3 Short Blades
 + Level 2.8 Dodging
 + Level 2.3 Stealth
 + Level 3.1 Spellcasting
 + Level 5.2 Conjurations


You had 9 spell levels left.
You knew the following spells:

 Your Spells              Type           Power        Failure   Level  Hunger
a - Magic Dart            Conj           ###.         1%          1    None


Dungeon Overview and Level Annotations

Branches:
Dungeon (3/15)

Altars:


Innate Abilities, Weirdness & Mutations

You are completely covered in rough black scales (AC +10, Dex -3).
You regenerate a little health from kills.


Message History

Casting: Magic Dart
Confirm with . or Enter, or press ? or * to list all spells.
Aiming: Magic Dart
Press: ? - help, Shift-Dir - straight line, f/p - orc priest
Aim: an orc priest, wearing a chain mail (severely wounded)
The magic dart hits the orc priest.
The orc priest is severely wounded.
Drink which item? (? for menu, Esc to quit)
It was a potion of curing.
You feel better. The orc priest misses you.
You hit the orc priest but do no damage.
The orc priest is severely wounded.
The orc priest mumbles some strange prayers to Beogh against you.
Beogh smites you!
* * * LOW HITPOINT WARNING * * *
Drink which item? (? for menu, Esc to quit)
It was a potion of might.
You feel very mighty all of a sudden.
The orc priest mumbles some strange prayers to Beogh against you.
Beogh smites you!
You die...

#....#.....(...#.###
#....'..............
#....#............##
##..).............##
##..........##....##
#......#######....## #......#
#.....#.### #......#
#.###.#.# # #..@...# # #.#.#
# ##o#######.###.#.###
#.#................
#.#................
###########>...............##
#<........#.#....###########.
#########.#.#....#.........'.
#.#.#....#.........#.
#.#.#....#...########


You could see an orc priest.

Vanquished Creatures
  An orc priest (D:3)
  7 adders
  An ooze (D:2)
  A worm (D:2)
  3 dart slugs
  4 giant geckos
  4 orcs (D:3)
  5 bats
  5 giant cockroaches
  9 goblins
  5 hobgoblins
  4 jackals
  11 kobolds
  2 quokkas (D:3)
  A ball python (D:1)
  3 giant newts
  13 rats
79 creatures vanquished.

Notes
Turn   | Place    | Note
--------------------------------------------------------------
     0 | D:1      | RudyRod the Demonspawn Conjurer began the quest for the Orb.
     0 | D:1      | Reached XP level 1. HP: 13/13 MP: 3/3
   241 | D:1      | Gained mutation: You regenerate a little health from kills. [demonic ancestry]
   241 | D:1      | Reached XP level 2. HP: 14/19 MP: 0/5
  1054 | D:2      | Gained mutation: You are partially covered in rough black scales (AC +4, Dex -1). [demonic ancestry]
  1054 | D:2      | Reached XP level 3. HP: 11/24 MP: 0/6
  1559 | D:2      | Gained mutation: You are mostly covered in rough black scales (AC +7, Dex -2). [demonic ancestry]
  1559 | D:2      | Reached XP level 4. HP: 23/30 MP: 0/8
  2477 | D:3      | Reached skill level 5 in Conjurations
  2511 | D:3      | Gained mutation: You are completely covered in rough black scales (AC +10, Dex -3). [demonic ancestry]
  2511 | D:3      | Reached XP level 5. HP: 35/35 MP: 2/9
  3160 | D:3      | Killed from afar by an orc priest

Skill      XL: |  1  2  3  4 |
---------------+-------------+-----
Dodging        | 2 |  2.8
Stealth        | 2 |  2.3
Spellcasting   | 3 |  3.1
Conjurations   | 5 |  5.2
Fighting       | |  0.4
Short Blades   | |  0.3

Action                   |  1- 3 |  4- 6 || total
-------------------------+-------+-------++-------
Melee: Dagger            |    56 |    27 ||    83
 Cast: Magic Dart        |    85 |    99 ||   184
  Use: Potion            |       |     3 ||     3
  Eat: Chunk             |     3 |     5 ||     8
Armor: Robe              |    24 |    18 ||    42
Dodge: Dodged            |    58 |    47 ||   105
